 Dungeon Crawl Stone Soup version 0.20-a0-947-g2784f4f (webtiles) character file.

85823 nikopol the Cleaver (level 15, -9/97 HPs)
             Began as a Gargoyle Berserker on Apr 2, 2017.
             Was the Champion of Trog.
             Mangled by a titanic slime creature (55 damage)
             ... on level 13 of the Dungeon on Apr 3, 2017.
             The game lasted 01:29:52 (25036 turns).

nikopol the Cleaver (Gargoyle Berserker)           Turns: 25036, Time: 01:29:52

Health: -9/97      AC: 43    Str: 29    XL:     15   Next: 85%
Magic:  15/15      EV: 13    Int:  8    God:    Trog [******]
Gold:   2145       SH: 11    Dex: 13    Spells: 14/14 levels left

rFire    + . .     SeeInvis +   a - +2 broad axe (venom)
rCold    . . .     Gourm    .   e - +1 buckler
rNeg     + . .     Faith    .   F - +0 plate armour {rF+}
rPois    ∞         Spirit   .   g - +3 helmet of Tempters {Str+4}
rElec    +         Reflect  +   K - +0 cloak
rCorr    .         Harm     .   J - +0 pair of gloves of Jipaph {Regen+}
MR       +....                  x - +0 pair of boots {Stlth+}
Stlth    ..........             q - +3 amulet of reflection
Regen    0.7/turn               V - ring "Koerawaps" {AC+2 Str+2 SInv}
MPRegen  0.2/turn               E - +6 ring of protection

@: no status effects
A: big wings, negative energy resistance 1, electricity resistance, unbreathing,
petrification resistance, rot immunity, AC +11
a: Fly, Berserk, Trog's Hand, Brothers in Arms, Burn Spellbooks, Renounce
Religion


You were on level 13 of the Dungeon.
You worshipped Trog.
Trog was exalted by your worship.
You were not hungry.

You visited 3 branches of the dungeon, and saw 21 of its levels.
You also visited: Labyrinth and Ossuary.

You collected 2145 gold pieces.

Inventory:

Hand Weapons
 a - a +2 broad axe of venom (weapon)
 p - a +2 war axe of holy wrath
 y - a +2 longbow of freezing
 z - a +3 shortbow of velocity
 N - a +0 flail of protection
Missiles
 u - 418 arrows
Armour
 e - a +1 buckler (worn)
 g - the +3 helmet of Tempters (worn) {Str+4}
   (You found it on level 12 of the Dungeon)

   It affects your strength (+4).
 j - the +0 pair of gloves of Bacviore {rF+ Str+5}
   (You acquired it on level 12 of the Dungeon)

   It affects your strength (+5).
   It protects you from fire.
 x - a +0 pair of boots of stealth (worn)
 F - a +0 plate armour of fire resistance (worn)
 J - the +0 pair of gloves of Jipaph (worn) {Regen+}
   (You found it in a labyrinth)

   It increases your rate of regeneration.
 K - a +0 cloak (worn)
 T - a cursed -2 chain mail
Jewellery
 i - an uncursed amulet of magic regeneration {unknown}
 q - a +3 amulet of reflection (around neck)
 E - a +6 ring of protection (right hand)
 V - the ring "Koerawaps" (left hand) {AC+2 Str+2 SInv}
   (You found it in a labyrinth)

   [ring of protection]

   It affects your AC (+2).
   It affects your strength (+2).
   It lets you see invisible.
Wands
 C - a wand of disintegration (16/24)
 O - a wand of polymorph (20/24)
 R - a wand of enslavement (10/24)
Scrolls
 f - 5 scrolls of magic mapping
 h - 8 scrolls of teleportation
 k - 13 scrolls of remove curse
 t - 2 scrolls of fear
 v - 8 scrolls of enchant weapon
 B - 2 scrolls of enchant armour
 G - 3 scrolls of identify
 I - 3 scrolls of blinking
 M - a scroll of vulnerability {unknown}
 P - 4 scrolls of recharging
 U - a scroll of fog {unknown}
Potions
 d - 2 potions of ambrosia
 l - 4 potions of might
 n - 4 potions of haste
 o - 4 potions of agility
 r - 2 potions of invisibility
 s - 7 potions of curing
 w - 2 potions of magic
 A - a potion of cancellation
 D - 7 potions of brilliance
 L - 2 potions of heal wounds
 X - a potion of resistance {unknown}
 Y - 2 potions of berserk rage
Books
 H - a book of Misfortune

   Spells                             Type                      Level
   a - Confusing Touch                Hexes                        1
   b - Confuse                        Hexes                        3
   c - Gell's Gravitas                Translocation                3
   d - Petrify                        Transmutation/Earth          4
   e - Metabolic Englaciation         Hexes/Ice                    5
   f - Yara's Violent Unravelling     Hexes/Transmutation          5
   Trog disapproves of the use of such an item.
 Q - a Young Poisoner's Handbook

   Spells                             Type                      Level
   a - Sting                          Conjuration/Poison           1
   b - Poisonous Vapours              Poison/Air                   2
   c - Mephitic Cloud                 Conjuration/Poison/Air       3
   d - Olgreb's Toxic Radiance        Poison                       4
   e - Venom Bolt                     Conjuration/Poison           5
   Trog disapproves of the use of such an item.
Comestibles
 b - 7 royal jellies
 c - 18 bread rations
 m - 9 meat rations
 S - a chunk of flesh
 W - 30 fruits


   Skills:
 + Level 12.3 Fighting
 * Level 12.9 Axes
 + Level 10.0 Bows
 + Level 11.7 Armour
 + Level 9.6 Dodging
 + Level 12.8 Shields


You had 14 spell levels left.
You didn't know any spells.

Dungeon Overview and Level Annotations

Branches:
Dungeon (13/15)            Temple (0/1) D:7            Lair (6/6) D:10
 Shoals (0/4) Lair:4        Snake (0/4) Lair:2        Slime (0/5) Lair:6
    Orc (2/2) D:12            Elf (0/3) Orc:2
 Vaults: D:13-14

Altars:
Cheibriados
Elyvilon
Okawaru
Beogh
Jiyva

Shops:
D:12 :   Orc:2 !%[?


Innate Abilities, Weirdness & Mutations

You are resistant to torment.
Your stone body is resilient. (AC +11)
You are immune to poison.
Your large and strong wings let you fly indefinitely.
You resist negative energy. (rN+)
You are resistant to electric shocks. (rElec)
You can survive without breathing.
You are immune to petrification.
You are immune to rotting.


Message History

The titanic slime creature misses you.
You slash the titanic slime creature!
The titanic slime creature looks as sick as possible!
The titanic slime creature is severely wounded.
The titanic slime creature hits you but does no damage.
You hit the titanic slime creature.
The titanic slime creature is severely wounded.
The titanic slime creature hits you!!!
Ouch! That really hurt!
You slash the titanic slime creature!
The titanic slime creature looks as sick as possible!
The titanic slime creature is severely wounded.
You block the titanic slime creature's attack.
You barely miss the titanic slime creature.
The titanic slime creature is severely wounded.
You slice the titanic slime creature!!
The titanic slime creature is severely wounded.
The titanic slime creature hits you!!!
Ouch! That really hurt!
You die...

####...#####.
#..).)....!..
.##.##...#####.
...............
.....##o#######
##.. #o# ## #o#
#J# #@# ########
#.# #......###
#.#
#.####...#####.##
#.# #..........#
#.####...#####..#
#.##....##
##...## #.##.#.##
#.....# #......#
##...#########


You could see a titanic slime creature and 3 orcs.

Vanquished Creatures
  An orc warlord (Orc:1)
  Snorg (Lair:6)
  A minotaur (Lab)
  The ghost of feelmyfire the Covert, a journeyman VSEn of Kikubaaqudgha (Lair:6)
  An ice dragon (Lair:6)
  Josephine (Lair:5)
  3 hydras
  A catoblepas (Lair:6)
  Erica (Orc:1)
  13 two-headed ogres
  9 death yaks
  An orc high priest (Orc:2)
  An unseen horror (D:11)
  5 orc sorcerers
  A lindwurm (Lair:6)
  An oklob plant (Lair:6)
  2 manticores
  17 orc knights
  3 ugly things
  An elephant (D:10)
  2 cyclopes
  2 merfolk sirens (Lair:4)
  A black mamba (Lair:3)
  14 spiny frogs
  6 torpor snails
  15 komodo dragons
  4 kobold demonologists (D:11)
  9 trolls
  4 tyrant leeches (Lair:6)
  8 hornets
  5 hippogriffs
  14 blink frogs
  3 slime creatures (D:13)
  16 dream sheep
  A wyvern (D:11)
  A spriggan (D:10)
  4 wraiths
  27 yaks
  4 basilisks
  2 hungry ghosts
  A steam dragon (D:11)
  2 vampire mosquitoes (D:12)
  10 wargs
  6 nagas (Lair:2)
  12 porcupines
  11 water moccasins
  Duvessa (D:4)
  56 orc warriors
  3 black bears
  3 ice beasts
  A sky beast (D:6)
  A hornet zombie (D:9)
  2 phantoms
  An eye of draining (D:12)
  11 ogres
  2 centaurs
  21 crocodiles
  A big kobold (D:11)
  21 bullfrogs
  Dowan (D:4)
  A scorpion (D:6)
  A water moccasin skeleton (D:6)
  8 killer bees
  2 electric eels
  3 howler monkeys
  3 crimson imps
  A bullfrog zombie (D:8)
  A centaur zombie (D:5)
  3 bullfrog skeletons
  2 quasits
  3 jellies
  23 orc priests
  A human zombie (Ossuary)
  A gnoll shaman (D:6)
  9 hounds
  2 centaur skeletons
  31 orc wizards
  3 iguanas
  8 hell rats (Lair:2)
  8 worker ants
  A killer bee zombie (D:5)
  2 big kobold zombies (Ossuary)
  A hound zombie (D:7)
  2 hound skeletons
  3 mummies
  11 gnolls
  11 adders
  11 river rats (Lair:2)
  2 shadow imps
  4 oozes
  2 adder zombies
  An adder skeleton (D:9)
  3 worms
  3 dart slugs
  9 leopard geckos
  121 orcs
  10 bats
  8 giant cockroaches
  15 goblins
  9 hobgoblins
  16 jackals
  27 kobolds
  13 quokkas
  2 ball pythons (D:3)
  5 frilled lizards
  9 hobgoblin zombies (Ossuary)
  12 kobold zombies (Ossuary)
  7 orc zombies (Ossuary)
  A quokka zombie (D:9)
  22 rats
  5 rat zombies (Ossuary)
  A bush (Lair:2)
  A butterfly (Lair:3)
  2 fungi
  17 plants
857 creatures vanquished.

Vanquished Creatures (collateral kills)
  2 hydras
  3 oklob plants (Lair:3)
  A black mamba (Lair:6)
  A water moccasin (Lair:6)
  A crocodile (Lair:6)
  A bullfrog (Lair:6)
9 creatures vanquished.

Vanquished Creatures (others)
  11 bushes (Lair:6)
  28 fungi
  23 plants (Lair:6)
62 creatures vanquished.

Grand Total: 928 creatures vanquished

Notes
Turn   | Place    | Note
-------+----------+-------------------------------------------
     0 | D:1      | nikopol the Gargoyle Berserker began the quest for the Orb.
     0 | D:1      | Reached XP level 1. HP: 14/14 MP: 1/1
   143 | D:1      | Reached XP level 2. HP: 17/19 MP: 2/2
   469 | D:1      | Reached XP level 3. HP: 20/23 MP: 3/3
   620 | D:1      | Reached ** piety under Trog
  1359 | D:2      | Reached XP level 4. HP: 26/29 MP: 4/4
  1525 | D:2      | Reached *** piety under Trog
  1660 | D:2      | Reached skill level 1 in Shields
  2311 | D:3      | Reached XP level 5. HP: 33/33 MP: 5/5
  3066 | D:4      | Reached XP level 6. HP: 39/39 MP: 6/6
  3328 | D:4      | Reached **** piety under Trog
  3516 | D:4      | Noticed Duvessa
  3527 | D:4      | Noticed Dowan
  3552 | D:4      | Killed Duvessa
  3552 | D:4      | Reached XP level 7. HP: 44/44 MP: 7/7
  3575 | D:4      | Killed Dowan
  3874 | D:4      | Reached skill level 5 in Fighting
  4511 | D:5      | Entered Level 5 of the Dungeon
  4542 | D:5      | Found a sand-covered staircase.
  4547 | Ossuary  | Entered an ossuary
  4719 | Ossuary  | Reached ***** piety under Trog
  5001 | D:5      | Reached XP level 8. HP: 50/50 MP: 8/8
  5408 | D:5      | Found a snail-covered altar of Cheibriados.
  5744 | D:5      | Reached skill level 5 in Armour
  5957 | D:6      | Reached skill level 5 in Axes
  6009 | D:6      | Reached skill level 5 in Shields
  6009 | D:6      | Reached XP level 9. HP: 27/56 MP: 9/9
  6651 | D:6      | Noticed a two-headed ogre
  6661 | D:6      | Killed a two-headed ogre
  6661 | D:6      | Reached skill level 1 in Bows
  6661 | D:6      | Reached skill level 5 in Dodging
  7149 | D:7      | Found an iron altar of Okawaru.
  7182 | D:7      | Found a staircase to the Ecumenical Temple.
  7318 | D:7      | Received a gift from Trog
  7569 | D:7      | Reached XP level 10. HP: 61/63 MP: 10/10
  8282 | D:8      | Noticed a two-headed ogre
  8292 | D:8      | Killed a two-headed ogre
  8330 | D:8      | Found a white marble altar of Elyvilon.
  8342 | D:8      | Noticed a two-headed ogre
  8365 | D:8      | Killed a two-headed ogre
  8693 | D:8      | Received a gift from Trog
  8810 | D:8      | Noticed a two-headed ogre
  9041 | D:8      | Noticed a two-headed ogre
  9054 | D:8      | Killed a two-headed ogre
  9594 | D:8      | Noticed a two-headed ogre
  9601 | D:8      | Killed a two-headed ogre
  9601 | D:8      | Reached skill level 5 in Bows
  9601 | D:8      | Reached XP level 11. HP: 69/69 MP: 11/11
  9647 | D:8      | Killed a two-headed ogre
 10107 | D:9      | Received a gift from Trog
 10650 | D:10     | Entered Level 10 of the Dungeon
 10650 | D:10     | Noticed a two-headed ogre
 10663 | D:9      | Killed a two-headed ogre
 10784 | D:10     | Found a staircase to the Lair.
 10918 | D:10     | Got a pair of ichor-stained gloves
 10924 | D:10     | Identified the +1 pair of gloves "Carug" {Int+3} (You found it on level 10 of the Dungeon)
 11235 | D:10     | Noticed a two-headed ogre
 11236 | D:10     | Noticed a cyclops
 11251 | D:10     | Killed a two-headed ogre
 11256 | D:10     | Killed a cyclops
 11359 | Lair:1   | Entered Level 1 of the Lair of Beasts
 11954 | Lair:2   | Reached XP level 12. HP: 62/76 MP: 12/12
 12290 | Lair:2   | Received a gift from Trog
 12974 | Lair:2   | Found a staircase to the Snake Pit.
 13726 | Lair:3   | Noticed a death yak
 13728 | Lair:3   | Noticed a death yak
 13728 | Lair:3   | Noticed a death yak
 13740 | Lair:3   | Killed a death yak
 13743 | Lair:3   | Killed a death yak
 13744 | Lair:3   | Killed a death yak
 13744 | Lair:3   | Reached skill level 10 in Fighting
 14018 | Lair:3   | Reached skill level 10 in Shields
 14278 | Lair:3   | Noticed a seven-headed hydra
 14299 | Lair:3   | Killed a 17-headed hydra
 15284 | Lair:3   | Reached XP level 13. HP: 81/82 MP: 13/13
 15911 | Lair:4   | Reached skill level 10 in Axes
 16287 | Lair:4   | Found a staircase to the Shoals.
 16338 | Lair:4   | Reached skill level 10 in Armour
 16775 | Lair:5   | Found a labyrinth entrance.
 16817 | Lab      | Entered a labyrinth
 17396 | Lab      | Noticed a minotaur
 17402 | Lab      | Killed a minotaur
 17449 | Lab      | Identified the Reference Book on the Glacial Compass
 17450 | Lab      | Got a vibrating brass ring
 17462 | Lab      | Received a gift from Trog
 17471 | Lab      | Got a pair of spiked gloves
 17488 | Lab      | Identified the ring "Koerawaps" {AC+2 Str+2 SInv} (You found it in a labyrinth)
 17542 | Lair:5   | Identified the cursed +0 pair of gloves of Jipaph {Regen+} (You found it in a labyrinth)
 17657 | Lair:5   | Noticed Josephine
 17667 | Lair:5   | Received a gift from Trog
 17669 | Lair:5   | Killed Josephine
 18080 | Lair:5   | Gained mutation: Your large and strong wings let you fly indefinitely. [Gargoyle growth]
 18080 | Lair:5   | Reached XP level 14. HP: 70/88 MP: 14/14
 18271 | Lair:5   | You fall through a shaft!
 18271 | Lair:6   | Entered Level 6 of the Lair of Beasts
 18555 | Lair:6   | Found a runed door.
 18795 | Lair:6   | Noticed feelmyfire's ghost (journeyman VSEn)
 18810 | Lair:6   | Killed feelmyfire's ghost
 19160 | Lair:6   | Found a staircase to the Slime Pits.
 19161 | Lair:6   | Found a viscous altar of Jiyva.
 19174 | Lair:6   | Received a gift from Trog
 19301 | Lair:6   | Noticed Snorg
 19323 | Lair:6   | Killed Snorg
 21090 | D:12     | Found a staircase to the Orcish Mines.
 21094 | D:12     | Reached ****** piety under Trog
 21094 | D:12     | Received a gift from Trog
 21186 | D:12     | Got a spiked helmet
 21192 | D:12     | Identified the +3 helmet of Tempters {Str+4} (You found it on level 12 of the Dungeon)
 21206 | D:12     | Identified a scroll of acquirement
 21209 | D:12     | Got a pair of twisted gloves
 21220 | D:12     | Identified the +0 pair of gloves of Bacviore {rF+ Str+5} (You acquired it on level 12 of the Dungeon)
 21367 | D:12     | Reached XP level 15. HP: 94/96 MP: 11/15
 21438 | D:12     | Found a roughly hewn altar of Beogh.
 21553 | D:12     | Found Galleth's Book Boutique.
 22019 | Orc:1    | Entered Level 1 of the Orcish Mines
 22100 | Orc:1    | Found a roughly hewn altar of Beogh.
 22115 | Orc:1    | Noticed Erica
 22126 | Orc:1    | Killed Erica
 22198 | Orc:1    | Noticed an orc warlord
 22234 | Orc:1    | Paralysed by an orc sorcerer for 3 turns
 22239 | Orc:1    | Received a gift from Trog
 22244 | Orc:1    | Killed an orc warlord
 22486 | Orc:2    | Entered Level 2 of the Orcish Mines
 22489 | Orc:2    | Found a staircase to the Elven Halls.
 22545 | Orc:2    | Paralysed by an orc sorcerer for 5 turns
 22821 | Orc:2    | Found Doihouppek's Magic Scroll Emporium.
 22848 | Orc:2    | Found Ulux's Antique Armour Boutique.
 23292 | Orc:2    | Found Oxoqul's Distillery.
 23301 | Orc:2    | Received a gift from Trog
 23365 | Orc:2    | Found Gepp's Food Emporium.
 23431 | Orc:2    | Found a roughly hewn altar of Beogh.
 23474 | Orc:2    | Received a gift from Trog
 23758 | Orc:1    | Paralysed by an orc sorcerer for 5 turns
 24650 | D:13     | Reached skill level 10 in Bows
 25036 | D:13     | Mangled by a titanic slime creature

Vault maps used:
D:1:      erik_arrival_triangle_small, grunt_decor_mini_mirrors
D:2:      kennysheep_small_spiral, minmay_tromino_v7
D:3:      first_bread
D:4:      serial_glass, glass_columns_c, glass_columns_a, uniq_duvessa
D:5:      slow_altar_1, nicolae_ossuary_entry_false_entrances,
          cheibrodos_gnoll_hut
D:6:      eino_tiny_chamber
D:7:      minmay_temple_entry_mist, okawaru_altar_gauntlet_db
D:8:      basic_altar
D:10:     david_lair_generic, the_bakery
D:12:     minmay_orc_entry_temple_small, serial_shops, shop_statue,
          minmay_misc_feat_pillars
Lair:2:   lemuel_ratsnest, minmay_snake_entry_guardpost_medium
Lair:3:   beast_lair_carwin_6, minmay_lair_oklob_chamber, lemuel_fruit_fields
Lair:4:   elwin_shoals_entry_rooms
Lair:5:   lab_entry_generic, serial_bayou_pond_a, minmay_hedge_maze,
          uniq_josephine
Lair:6:   wormcave, slime_altar_1, minmay_lair_oklob_bushes, lemuel_fruit_tree,
          serial_bayou_shore_a, uniq_snorg
Orc:1:    basic_altar, guppyfry_orc_lava_fort, uniq_erica
Orc:2:    st_orc_town
Ossuary:  ossuary_tomb_1

Skill      XL: |  1  2  3  4  5  6  7  8  9 10 11 12 13 14 15 |
---------------+----------------------------------------------+-----
Axes           | 3 4 5 6 7 8 9 10 12 | 12.9
Dodging        | 2 3 4 5 6 7 8 9 |  9.6
Shields        | 1 2 3 5 6 7 8 10 11 12 | 12.8
Fighting       | 4 5 6 7 8 9 10 11 12 | 12.3
Armour         | 3 4 5 6 8 9 10 11 | 11.7
Bows           | 2 5 6 7 8 9 10 | 10.0

Action                   |  1- 3 |  4- 6 |  7- 9 | 10-12 | 13-15 || total
-------------------------+-------+-------+-------+-------+-------++-------
Melee: Hand axe          |   117 |   294 |    71 |       |       ||   482
       War axe           |       |       |   486 |   223 |       ||   709
       Broad axe         |       |       |       |   463 |  1448 ||  1911
       Flail             |       |       |       |       |     8 ||     8
 Fire: Shortbow          |       |       |       |       |    79 ||    79
Invok: Berserk           |       |     3 |     5 |    10 |     9 ||    27
       Trog's Hand       |       |       |     1 |     1 |     1 ||     3
       Burn Spellbooks   |       |       |     1 |       |     4 ||     5
       Brothers in Arms  |       |       |       |     1 |     2 ||     3
Evoke: Wand              |       |       |       |       |     1 ||     1
  Use: Scroll            |       |       |    10 |     7 |    17 ||    34
 Stab: Distracted        |       |     1 |       |       |     1 ||     2
       Petrified         |       |       |       |       |     9 ||     9
  Eat: Chunk             |     2 |     9 |    14 |    30 |    40 ||    95
       Royal jelly       |       |       |     2 |     2 |     2 ||     6
       Bread ration      |       |       |     2 |       |       ||     2
       Fruit             |       |       |       |     1 |     1 ||     2
Armor: Leather armour    |    39 |       |       |       |       ||    39
       Chain mail        |    27 |   170 |   250 |    64 |       ||   511
       Ring mail         |     7 |       |       |       |       ||     7
       Plate armour      |       |       |       |   432 |   736 ||  1168
Dodge: Dodged            |    68 |   114 |   275 |   443 |   571 ||  1471
Block: Buckler           |     5 |    47 |   109 |   214 |   696 ||  1071
       Other             |       |       |       |       |     3 ||     3
       Reflection        |       |       |       |       |     9 ||     9
